Map: Dusk Towers

Players

Klimpsch - Winner!

  • Race: Zerg Zerg
  • League: Diamond

wchan

  • Race: Terran Terran
  • League: Master

VOD

Have the link to the VOD?

Description

2 Base Muta until Hive Tech

Time

  • Played on: June 4, 2016, 2:11 a.m.
  • Length: 19:00
Show
View Real Time Build Order
Export as new Build Order

Klimpsch Zerg - Winner!

Build Orders: Hatch First, Muta Ling Bane 

Get SALT Encoding   

  12  0:01  Drone  
  13  0:13  Overlord  
  13  0:18  Drone  
  14  0:21  Extractor  
  14  0:23  Drone  
  15  0:34  Drone  
  16  0:40  Drone  
  17  0:57  Hatchery  
  16  1:00  Drone  
  16  1:02  Drone  
  18  1:15  Extractor  
  18  1:17  Spawning Pool  
  16  1:24  Drone x2  
  18  1:30  Drone  
  19  1:45  Drone  
  20  1:50  Overlord  
  20  2:00  Overlord  
  20  2:05  Queen  
  22  2:11  Queen  
  22  2:12  Zergling x2  
  22  2:14  Zergling x2  
  26  2:21  Metabolic Boost  
  27  2:30  Drone x2  
  27  2:36  Drone x2  
  30  2:47  Drone x2  
  32  2:54  Drone x2  
  34  3:05  Overlord  
  34  3:11  Drone  
  35  3:16  Drone x4  
  39  3:25  Drone x2  
  41  3:28  Queen x2  
  41  3:32  Overlord  
  45  3:36  Extractor  
  45  3:37  Drone x2  
  45  3:38  Extractor, Drone  
  45  3:39  Extractor  
  45  3:40  Zergling x2  
  46  3:54  Drone x3  
  50  3:55  Drone x2  
  50  3:56  Drone  
  52  4:13  Baneling Nest, Lair  
  50  4:26  Hatchery  
  50  4:28  Spine Crawler  
  50  4:29  Spine Crawler  
  50  4:31  Zergling x6  
  50  4:37  Drone  
  51  4:39  Overlord  
  51  4:40  Overlord  
  51  4:41  Overlord  
  51  4:57  Queen  
  53  5:00  Drone x2  
  55  5:09  Spore Crawler  
  55  5:10  Spore Crawler, Zergling x2  
  55  5:11  Zergling x14  
  61  5:24  Spire, Drone x2  
  61  5:26  Overlord x2  
  61  5:27  Overlord  
  62  5:33  Pneumatized Carapace  
  62  5:44  Drone  
  62  5:47  Queen, Drone x4  
  69  5:56  Drone x2  
  72  5:57  Drone  
  72  5:58  Evolution Chamber  
  72  5:59  Evolution Chamber  
  72  6:00  Centrifical Hooks  
  72  6:02  Drone  
  71  6:09  Spore Crawler  
  70  6:24  Overseer  
  69  6:31  Baneling x7  
  69  6:36  Overlord  
  69  6:37  Overlord  
  69  6:38  Overlord  
  69  6:43  Drone x2  
  69  6:44  Drone x4  
  69  6:45  Mutalisk  
  69  6:46  Mutalisk x3  
  83  6:48  Mutalisk  
  83  6:51  Mutalisk  
  83  6:53  Mutalisk  
  89  6:58  Mutalisk  
  91  7:12  Drone  
  91  7:13  Drone x4  
  91  7:15  Extractor, Drone x3  
  98  7:16  Extractor, Drone x3  
  98  7:21  Zerg Melee Weapons Level 1  
  100  7:26  Zerg Ground Armor Level 1  
  100  7:42  Drone  
  101  7:56  Mutalisk x3  
  107  7:59  Zergling x2  
  107  8:00  Zergling x24  
  120  8:10  Hatchery  
  119  8:15  Infestation Pit  
  119  8:16  Baneling x7  
  118  8:22  Mutalisk  
  120  8:29  Zerg Flyer Armor Level 1  
  120  8:42  Zergling x2  
  120  8:45  Overlord x2  
  120  8:46  Overlord  
  120  8:47  Overlord x2  
  120  8:48  Overlord x2  
  121  8:49  Overlord x2  
  121  8:50  Overlord x2  
  121  8:51  Overlord  
  121  8:52  Overlord  
  121  8:58  Hive  
  113  9:20  Zergling x2  
  113  9:21  Zergling x18  
  108  9:25  Baneling x7  
  108  9:31  Zergling x2  
  108  9:32  Zergling x10  
  108  9:35  Zerg Melee Weapons Level 2, Zerg Ground Armor Level 2  
  114  9:43  Baneling x2  
  114  9:44  Baneling x8  
  114  9:46  Zergling x14  
  121  9:53  Zergling x2  
  122  10:04  Zergling x12  
  128  10:13  Ultralisk Cavern  
  128  10:14  Spore Crawler  
  126  10:22  Baneling x5  
  126  10:23  Baneling x2  
  126  10:25  Zergling x4  
  126  10:26  Zergling x18  
  135  11:01  Drone x3  
  135  11:02  Chitinous Plating  
  136  11:25  Drone x3  
  138  11:32  Ultralisk x5  
  169  11:33  Ultralisk  
  175  11:58  Drone x2  
  175  11:59  Extractor, Drone x4  
  175  12:00  Extractor, Drone x2  
  181  12:03  Adrenal Glands  
  181  12:18  Corruptor  
  181  12:19  Corruptor  
  185  12:32  Corruptor x2  
  185  12:33  Corruptor  
  191  12:50  Zerg Melee Weapons Level 3  
  191  13:13  Zerg Ground Armor Level 3  
  181  13:36  Hatchery  
  181  13:40  Zergling x2  
  181  13:41  Zergling x24  
  170  13:56  Zergling x2  
  170  13:57  Zergling x30  
  172  14:10  Zergling x14  
  172  14:11  Zergling x42  
  184  14:22  Zergling x10  
  184  14:23  Zergling x12  
  155  14:32  Zergling x2  
  155  14:33  Zergling x8  
  147  14:54  Spire  
  134  15:13  Zergling x2  
  134  15:14  Zergling x46  
  134  15:34  Zergling x2  
  134  15:35  Zergling x18  
  131  15:51  Zergling x2  
  131  15:52  Zergling x22  
  129  16:16  Zerg Flyer Armor Level 2  
  129  16:17  Corruptor  
  129  16:18  Corruptor x9  
  129  16:30  Extractor  
  129  16:31  Extractor  
  129  16:48  Drone x2  
  129  16:53  Hatchery  
  129  17:00  Hatchery  
  129  17:11  Corruptor x3  
  129  17:12  Corruptor x3  
  129  17:15  Ultralisk x3  
  129  17:16  Ultralisk x3  
  129  18:23  Drone x2  
Show
View Real Time Build Order
Export as new Build Order

wchan Terran 

Build Orders: Command Center First (CC), Bio Mine 

Get SALT Encoding   

  12  0:02  SCV  
  13  0:14  SCV  
  13  0:19  Supply Depot  
  14  0:26  SCV  
  15  0:41  SCV  
  16  0:53  SCV  
  17  1:05  SCV  
  17  1:06  Command Center  
  18  1:16  Barracks  
  18  1:17  SCV  
  19  1:23  Refinery  
  19  1:29  SCV  
  20  1:41  SCV  
  21  1:54  SCV  
  22  2:05  Supply Depot, Marine  
  23  2:09  Orbital Command  
  23  2:23  Marine  
  23  2:28  Supply Depot  
  23  2:29  Factory  
  24  2:34  Orbital Command  
  24  2:35  SCV  
  25  2:40  Marine  
  26  2:47  SCV  
  27  2:57  Supply Depot  
  26  2:59  Barracks Tech Lab, SCV  
  26  3:00  SCV  
  28  3:11  SCV  
  28  3:12  Widow Mine, SCV  
  32  3:18  Command Center  
  32  3:25  Marine, Stimpack  
  33  3:28  SCV x2  
  33  3:30  Refinery  
  35  3:40  SCV x2  
  37  3:43  Marine  
  37  3:45  Widow Mine  
  40  3:52  SCV  
  40  3:53  SCV  
  42  3:57  Engineering Bay  
  42  3:58  Engineering Bay  
  42  4:01  Marine, Refinery  
  43  4:04  SCV  
  43  4:05  SCV  
  45  4:16  Barracks, SCV  
  46  4:17  SCV  
  46  4:19  Starport, Marine  
  46  4:22  Factory Tech Lab  
  48  4:30  SCV x2  
  51  4:34  Orbital Command  
  50  4:42  SCV x2  
  50  4:43  Terran Infantry Weapons Level 1  
  50  4:45  Terran Infantry Armor Level 1  
  52  4:51  Marine  
  53  4:54  SCV x2  
  53  4:59  SCV  
  56  5:03  Refinery  
  56  5:05  Orbital Command, Missile Turret  
  56  5:06  SCV x2  
  58  5:07  Siege Tank  
  58  5:08  Starport Reactor  
  58  5:10  Barracks Reactor  
  61  5:19  SCV x2  
  61  5:20  Missile Turret  
  63  5:25  Armory  
  63  5:32  SCV x3  
  63  5:34  Marine  
  67  5:38  Barracks, Combat Shields  
  67  5:44  Medivac, SCV x3  
  67  5:47  Marine  
  73  5:52  Marine  
  73  5:53  Medivac  
  73  5:56  SCV  
  77  5:59  Barracks  
  77  6:04  Factory Reactor  
  77  6:09  Supply Depot  
  77  6:12  Supply Depot  
  77  6:15  Supply Depot x2  
  77  6:16  Supply Depot  
  77  6:27  Terran Vehicle And Ship Armor Level 1  
  77  6:29  Marine x2  
  77  6:30  Marine  
  77  6:31  SCV x3  
  81  6:34  Barracks, Barracks Reactor  
  81  6:40  Refinery  
  81  6:41  Refinery  
  81  6:42  Liberator  
  81  6:43  SCV x3  
  81  6:44  Terran Infantry Armor Level 2, Terran Infantry Weapons Level 2  
  81  6:46  Marine x2  
  86  6:48  Marine x2  
  86  6:51  Widow Mine  
  86  6:52  Hellion  
  92  6:55  SCV x3  
  98  7:04  Marine x2  
  98  7:06  Supply Depot  
  98  7:07  SCV x3  
  103  7:09  Supply Depot  
  103  7:17  Missile Turret  
  103  7:19  Missile Turret, SCV x3  
  103  7:21  Marine x2  
  103  7:22  Marine x3  
  111  7:23  Marine  
  111  7:27  Marine  
  111  7:28  Widow Mine  
  115  7:30  Widow Mine  
  115  7:31  SCV  
  115  7:32  Missile Turret  
  118  7:39  Marine x2  
  120  7:44  Command Center  
  120  7:50  Marine x2  
  120  7:51  Marine, Marauder  
  125  7:57  Barracks  
  125  7:58  Barracks, Missile Turret  
  125  8:04  Marine  
  125  8:05  Marine, Marauder  
  129  8:08  Marine x2  
  129  8:12  Marauder  
  133  8:21  Barracks Reactor  
  133  8:23  Terran Vehicle And Ship Armor Level 2  
  133  8:31  Missile Turret  
  133  8:32  Supply Depot  
  133  8:33  Supply Depot  
  133  8:35  Supply Depot x2  
  133  8:40  Factory  
  133  8:42  Factory  
  133  8:53  Widow Mine x2, Marine x2  
  133  8:54  Marine x4, Marauder  
  133  8:55  Marauder  
  147  8:59  Refinery x2  
  147  9:15  Marauder  
  147  9:16  Marauder  
  137  9:22  Marine x4  
  137  9:23  Marine  
  131  9:33  Marine x2  
  131  9:34  Marine  
  131  9:36  Marauder  
  131  9:37  Planetary Fortress  
  131  9:38  Marauder  
  138  9:40  Marine x3  
  138  9:41  SCV x3  
  138  9:43  Factory Tech Lab  
  138  9:44  Factory Tech Lab  
  144  9:48  Starport  
  144  9:50  Ghost Academy  
  144  9:58  Terran Infantry Armor Level 3, Terran Infantry Weapons Level 3, Marauder  
  144  9:59  Marauder  
  148  10:05  Barracks Tech Lab x2  
  148  10:11  Command Center  
  148  10:19  Marauder  
  148  10:20  Marauder  
  152  10:28  Armory  
  152  10:31  Starport Tech Lab  
  152  10:32  Thor x2  
  152  10:34  Widow Mine x2  
  168  10:36  Drilling Claws  
  168  10:39  Terran Vehicle Weapons Level 1  
  168  10:41  Marauder  
  168  10:42  Marauder  
  172  10:43  Supply Depot  
  172  10:44  Liberator x3  
  172  10:45  Supply Depot  
  172  10:46  Supply Depot  
  172  10:48  Supply Depot  
  172  11:02  Marauder  
  180  11:04  Widow Mine  
  182  11:16  Marine x3, Ghost  
  182  11:17  Marine x2, Marauder x2  
  175  11:23  Ghost  
  176  11:29  Command Center  
  176  11:34  Terran Vehicle And Ship Armor Level 3  
  176  11:37  Ghost  
  176  11:38  Marauder  
  176  11:39  Thor  
  186  11:42  Orbital Command  
  186  11:44  Ghost  
  188  11:52  Marauder  
  190  12:16  Medivac x2  
  190  12:17  Widow Mine x2  
  190  12:18  Command Center  
  190  12:20  Command Center  
  190  12:22  Missile Turret  
  198  12:23  Missile Turret, Refinery  
  198  12:27  Missile Turret  
  198  12:28  Refinery  
  198  12:33  Terran Ship Weapons Level 1  
  198  12:36  Hi-Sec Auto Tracking  
  198  12:37  Building Armor  
  198  12:45  Widow Mine  
  198  12:46  Fusion Core  
  198  12:49  Starport  
  200  12:51  Starport  
  200  12:53  Starport  
  200  12:55  Starport  
  190  13:12  Thor  
  196  13:26  Starport Tech Lab  
  184  13:53  Ghost  
  184  13:54  Marine x3, Ghost, Marauder  
  184  13:55  Marine x2, Marauder  
  181  13:56  Starport Tech Lab  
  181  13:57  Starport Tech Lab x2  
  181  13:58  Starport Tech Lab  
  181  13:59  Battlecruiser  
  185  14:04  Planetary Fortress  
  171  14:14  Marine x2  
  171  14:15  Marine x3  
  171  14:16  Ghost, Marauder  
  151  14:23  Marauder x2  
  123  14:35  Marine x4  
  108  14:44  Ghost, Marauder  
  107  14:53  Marine  
  107  14:55  Marine x3  
  107  14:57  Marine  
  101  15:04  Marine  
  101  15:06  Marauder  
  90  15:11  Marine  
  90  15:12  Ghost  
  90  15:13  Marine x2  
  107  15:17  Marine x2  
  107  15:19  Hellion  
  96  15:24  Banshee  
  92  15:41  Marauder  
  89  15:47  Marine x3  
  89  15:48  Marine x3  
  89  15:49  Marine  
Tags
 
Add a new tag
Caveats
  • Supply blocks, unpowered buildings, or Contaminate may cause inaccurate times.
  • Supply counts are checked every 10 seconds.